 Dungeon Crawl Stone Soup version 0.28-a0-1233-g92def6ad0a (webtiles) character file.

Game seed: 16843826528871657436

141 Lekart the Chopper (level 5, -3/47 HPs)
             Began as a Draconian Chaos Knight on Dec 23, 2021.
             Was a Plaything of Xom.
             Slain by a gnoll (5 damage)
             ... on level 3 of the Dungeon.
             The game lasted 00:03:44 (2038 turns).

Lekart the Chopper (Draconian Chaos Knight)         Turns: 2038, Time: 00:03:44

Health: -3/47      AC:  7    Str: 15    XL:     5   Next: 3%
Magic:  6/6        EV: 28    Int: 12    God:    Xom [.*....]
Gold:   867        SH:  0    Dex: 14    Spells: 5/5 levels left

rFire   . . .      SeeInvis .   a - +0 hand axe (chaos)
rCold   . . .      Faith    .   (no shield)
rNeg    . . .      Spirit   .   (armour unavailable)
rPois   .          Reflect  .   (helmet restricted)
rElec   .          Harm     .   (no cloak)
rCorr   .          Rampage  .   (no gloves)
Will    .....                   f - +1 pair of boots
Stlth   +.........              g - amulet of the acrobat
HPRegen 0.15/turn               (no ring)
MPRegen 0.10/turn               (no ring)

@: brilliant, acrobatic, studying Spellcasting
A: AC +5, unfitting armour, cold-blooded, horns 1, agile 1, noise suppression
a: Renounce Religion


You were on level 3 of the Dungeon.
You worshipped Xom.
You were a plaything of Xom.
You visited 1 branch of the dungeon, and saw 4 of its levels.

You collected 867 gold pieces.

Inventory:

Hand Weapons
 a - a +0 hand axe of chaos (weapon)
 h - a +0 shortbow
Armour
 f - a +1 pair of boots (worn)
Jewellery
 g - an amulet of the acrobat (around neck)
Wands
 i - a wand of polymorph (6)
Scrolls
 c - a scroll of identify
Potions
 b - a potion of attraction
 e - a potion of lignification


   Skills:
 + Level 4.3 Fighting
 + Level 4.4 Axes
 + Level 3.0 Dodging
 * Level 0.7 Spellcasting


You had 5 spell levels left.
You didn't know any spells.
Your spell library was empty.

Dungeon Overview and Level Annotations

Branches:
Dungeon (4/15)
 Temple: D:4-7

Altars:


Innate Abilities, Weirdness & Mutations

Your plain brown scales are hard. (AC +5)
You cannot fit into any form of body armour.
You are cold-blooded and may be slowed by cold attacks.
You have a pair of small horns on your head.
You are agile. (Dex +2)
You passively dampen the noise of your surroundings.


Message History

The gnoll misses you.
Your gnoll zombie hits the gnoll but does no damage.
You closely miss the gnoll.
You tail-slap the gnoll, but do no damage.
The gnoll is moderately wounded.
The gnoll hits you with a +0 spear.
* * * LOW HITPOINT WARNING * * *
Your gnoll zombie hits the gnoll but does no damage.
You hit the gnoll. You freeze the gnoll.
Your tail-slap misses the gnoll.
The gnoll is almost dead.
The gnoll hits you with a +0 spear.
* * * LOW HITPOINT WARNING * * *
You hit the gnoll.
The gnoll flickers and vanishes!
Deactivating autopickup; reactivate with Ctrl-A.
Your gnoll zombie hits something but does no damage.
Something hits your gnoll zombie!
Your gnoll zombie is destroyed!
You hear a shout!
Something hits you.
* * * LOW HITPOINT WARNING * * *
You see here a throwing net.
Okay, then.
You hear the slow rusting of a distant drain.
Okay, then.
A gnoll appears from thin air!
Reactivating autopickup.
Okay, then.
It was a potion of brilliance.
You feel clever all of a sudden. The gnoll barely misses you.
You hit the gnoll but do no damage.
The gnoll is poisoned.
The gnoll is severely wounded.
The gnoll hits you with a +0 spear.
* * * LOW HITPOINT WARNING * * *
You barely miss the gnoll.
The gnoll is severely wounded.
The gnoll closely misses you. The gnoll hits you with a +0 spear.
* * * LOW HITPOINT WARNING * * *
The gnoll hits you from afar with a +0 spear.
You die...

#........#
#####...###...#
##########...# #...#
#............# #...#
#.########...# #...# #.#
#...# #...# #.#####
#..g###...#####
#.....####..............
#.....##...>..@.........
#.....####...###...#####
#.....# #...# #####
#.....# #...# #.....#
##### #.....# #.....#
##....# ###.###


You could see a gnoll (very poisoned).

Vanquished Creatures
  A scorpion (D:4)
  A gnoll (D:3)
  An adder (D:3)
  2 dart slugs (D:1)
  5 orcs
  4 ball pythons (D:1)
  3 endoplasms
  A giant cockroach (D:1)
  5 goblins
  4 hobgoblins
  5 kobolds
  4 quokkas
  2 bats
  4 frilled lizards
  3 rats
45 creatures vanquished.

Vanquished Creatures (collateral kills)
  A gnoll (D:3)
1 creature vanquished.

Grand Total: 46 creatures vanquished

Notes
Turn   | Place    | Note
-------+----------+-------------------------------------------
     0 | D:1      | Lekart the Draconian Chaos Knight began the quest for the
                  | Orb.
     0 | D:1      | Reached XP level 1. HP: 19/19 MP: 1/1
     8 | D:1      | XOM: silly message
   279 | D:1      | Reached XP level 2. HP: 26/26 MP: 2/2
   456 | D:1      | Found a faded altar of an unknown god.
   521 | D:1      | XOM: divination: detect items
  1034 | D:1      | Reached XP level 3. HP: 33/33 MP: 3/3
  1200 | D:1      | XOM: give mutations
  1200 | D:1      | Gained mutation: You are agile. (Dex +2) [Xom's grace]
  1200 | D:1      | Gained mutation: You passively dampen the noise of your
                  | surroundings. [Xom's grace]
  1200 | D:1      | Gained mutation: You have a pair of small horns on your
                  | head. [Xom's grace]
  1443 | D:2      | XOM: divination: magic mapping
  1562 | D:2      | You fall into a shaft and drop 2 floors!
  1562 | D:4      | Noticed a scorpion
  1573 | D:4      | Killed a scorpion
  1574 | D:4      | Reached XP level 4. HP: 32/40 MP: 4/4
  1579 | D:4      | XOM: noise
  1781 | D:4      | Identified 2 scrolls of acquirement
  1782 | D:4      | Acquired 820 gold pieces
  1784 | D:4      | Acquired a manual of Spellcasting
  1914 | D:3      | XOM: 1-stop teleportation journey
  1974 | D:3      | XOM: chaos upgrade
  1988 | D:3      | Reached XP level 5. HP: 12/47 MP: 4/6
  2037 | D:3      | HP: 2/47 [gnoll (3)]
  2038 | D:3      | Slain by a gnoll

Illustrated notes

Levels and vault maps discovered:
D:1:      mrwooster_arrival_statue_3, layout_basic,
          hellmonk_ecumenical_altar_zigzags
D:2:      layout_basic
D:3:      layout_basic, gup_sewer_entry_bubbles
D:4:      layout_cave_pools, marbit_many_paths, temple_fountains, uniq_natasha

Skill      XL: |  1  2  3  4 |
---------------+-------------+-----
Fighting       | 4 |  4.3
Axes           | 4 |  4.4
Dodging        | 3 |  3.0
Spellcasting   | |  0.7

Action                   |  1- 3 |  4- 6 || total
-------------------------+-------+-------++-------
Melee: Hand axe          |    86 |    35 ||   121
       Tailslap          |     6 |     4 ||    10
       Headbutt          |     1 |     4 ||     5
  Use: Potion            |     3 |     1 ||     4
       Scroll            |       |     5 ||     5
 Stab: Paralysed         |     1 |       ||     1
Armor: Skin              |    42 |     9 ||    51
Dodge: Dodged            |    54 |    35 ||    89

Table legend: (Time is in decaauts)
 A = Elapsed time spent in this place.
 B = Non-inter-level travel time spent in this place.
 C = Inter-level travel time spent in this place.
 D = Time resting spent in this place.
 E = Time spent auto-exploring this place.
 F = Levels seen in this place.
 G = Mean time per level.
                   A        B        C        D        E       F      G
               +--------+--------+--------+--------+--------+-----+--------+
         Total |   2060 |   1953 |    107 |    367 |   1165 |   4 |  515.0 |
       Dungeon |   2060 |   1953 |    107 |    367 |   1165 |   4 |  515.0 |
               +--------+--------+--------+--------+--------+-----+--------+

Top non-repeatable levels by time:
     D:1: 1387 daAuts
     D:4: 325 daAuts
     D:2: 184 daAuts
     D:3: 162 daAuts
